 Dungeon Crawl Stone Soup version 0.29.1-12-g30fa7ad0bf (webtiles) character file.

Game seed: 15060958150606136181

3013 raph the Arsonist (level 9, -8/51 HPs)
             Began as a Deep Elf Fire Elementalist on Jan 16, 2023.
             Was a Believer of Vehumet.
             Engulfed by a cloud of flame (16 damage)
             ... on level 7 of the Dungeon.
             The game lasted 00:16:33 (7323 turns).

raph the Arsonist (Deep Elf Fire Elementalist)      Turns: 7323, Time: 00:16:33

Health: -8/51      AC:  6    Str:  5    XL:     9   Next: 55%
Magic:  20/20      EV:  7    Int: 25    God:    Vehumet [**....]
Gold:   277        SH:  0    Dex: 21    Spells: 4/20 levels left

rFire   . . .      SeeInvis .   b - +3 greatsling "Punk" {acid, rCorr}
rCold   . . .      Faith    .   (no shield)
rNeg    . . .      Spirit   .   j - +1 robe {Archmagi}
rPois   .          Reflect  .   (no helmet)
rElec   .          Harm     .   w - +0 cloak
rCorr   +          Rampage  .   o - +1 pair of gloves
Will    .....      Archmagi +   (no boots)
Stlth   ++........              f - amulet of regeneration
HPRegen 0.97/turn               s - +6 ring of dexterity
MPRegen 0.17/turn               (no ring)

@: held
A: no striking features
a: Renounce Religion


You were on level 7 of the Dungeon.
You worshipped Vehumet.
Vehumet was pleased with you.
You visited 1 branch of the dungeon, and saw 7 of its levels.

You collected 388 gold pieces.
You spent 111 gold pieces at shops.

Inventory:

Hand Weapons
 a - a +2 dagger of venom
 b - the +3 greatsling "Punk" (weapon) {acid, rCorr}
   (You found it on level 2 of the Dungeon)

   Any ammunition fired from it is coated in acid, damaging and corroding those
   it strikes.
   rCorr:     It protects you from acid and corrosion.
 r - a +2 dagger of pain
Armour
 e - a +1 robe
 j - a +1 robe of the Archmagi (worn)
 o - a +1 pair of gloves (worn)
 w - a +0 cloak (worn)
Jewellery
 f - an amulet of regeneration (around neck)
 s - a +6 ring of dexterity (left hand)
 t - an amulet of magic regeneration
 A - a ring of resist corrosion
Wands
 l - a wand of flame (22)
 u - a wand of iceblast (14)
Scrolls
 i - 6 scrolls of identify
 p - a scroll of brand weapon
 x - a scroll of butterflies
 y - a scroll of silence
 z - a scroll of teleportation
Potions
 c - 5 potions of haste
 d - 2 potions of curing
 g - 2 potions of resistance
 h - 2 potions of magic
 k - 2 potions of heal wounds
 m - 3 potions of lignification
 n - 2 potions of mutation {unknown}
 q - a potion of berserk rage
 v - a potion of brilliance {unknown}


   Skills:
 * Level 3.3 Fighting
 + Level 5.1 Ranged Weapons
 + Level 4.2 Dodging
 - Level 2.4 Stealth
 + Level 6.3 Spellcasting
 + Level 8.2 Conjurations
 - Level 1.7 Necromancy
 + Level 8.9 Fire Magic


You had 4 spell levels left.
You knew the following spells:

 Your Spells              Type           Power      Damage    Failure   Level
a - Foxfire               Conj/Fire      100%       2x1d9     1%          1
b - Scorch                Fire           100%       2d10      1%          2
c - Conjure Flame         Conj/Fire      66%        6-21      1%          3
d - Inner Flame           Hex/Fire       45%        N/A       3%          3
e - Flame Wave            Conj/Fire      66%        2d15      1%          4
f - Vampiric Draining     Necr           24%        2d7       11%         3

Your spell library contained the following spells:

 Spells                   Type           Power      Damage    Failure   Level
 Sandblast                Erth           22%        2d7       7%          1
 Slow                     Hex            44%        N/A       7%          1
 Ensorcelled Hibernation  Hex/Ice        22%        N/A       11%         2
 Passwall                 Tmut/Erth      9%         N/A       11%         2
 Confusing Touch          Hex            11%        N/A       22%         3
 Swiftness                Air            11%        N/A       22%         3
 Tukima's Dance           Hex            11%        N/A       22%         3
 Passage of Golubria      Tloc           11%        N/A       56%         4
 Yara's Violent Unravell  Hex/Tmut       5%         3d4       89%         5
 Enfeeble                 Hex            5%         N/A       100%        7


Dungeon Overview and Level Annotations

Branches:
Dungeon (7/15)             Temple (0/1) D:5

Altars:
Dithmenos
Fedhas
Gozag
Hepliaklqana
Kikubaaqudgha
Nemelex Xobeh
Okawaru
Qazlal
Trog
Vehumet
The Shining One

Shops:
D:3 [[:(

Annotations:
D:5 4 runed translucent doors


Message History

The sling bullet closely misses the gnoll.
The gnoll throws a silver boomerang.
The silver boomerang hits you but does no damage.
The gnoll throws a stone.
The stone misses you.
The gnoll throws a silver boomerang.
The silver boomerang closely misses you.
Casting: Scorch (safe; 1% risk of failure)
Confirm with . or Enter, or press ? or * to list all spells.
Casting: Flame Wave (dangerous; 1% risk of failure)
Press: ? - help, Dir - look around, f - activate You feel a surge of power!
A wave of flame ripples out! (Press . to intensify the flame waves.)
A wave of flame ripples out!
The tree burns like a torch!
A wave of flame ripples out!
The flame wave engulfs the gnoll!!
You kill the gnoll!
Vehumet accepts your kill.
You feel your power returning.
The tree burns like a torch!
You finish channelling waves of flame.
The gnoll is engulfed in blazing flames.
You kill the gnoll!
Vehumet accepts your kill.
You feel your power returning.
You start resting.
A gnoll comes into view. It is wielding a +0 spear.
A gnoll is nearby!
The forest fire spreads!
You start resting.
Magic restored.
A gnoll is nearby!
A gnoll is nearby!
The gnoll shouts!
You are engulfed in blazing flames.
The gnoll throws a throwing net.
The throwing net hits you.
You become entangled in the net!
You see here a throwing net.
You struggle against the net.
You are engulfed in blazing flames.
You struggle against the net.
You are engulfed in blazing flames.
* * * LOW HITPOINT WARNING * * *
The gnoll is engulfed in blazing flames.
You struggle against the net.
You are engulfed in blazing flames.
You die...

♣.......#..## ##.##
♣.###...##..######..#
♣[.................##
+.._..'...~~~~(~≈.##
♣.........~####~~.#
♣.###.....≈#∩.#≈~.#
♣..°°°§#..~#..'≈~.##
♣+♣○g°§#..≈#..'~~..##
#°@☼..~#..'≈~...###
###...~#>.#≈~.#....
##..~####≈≈......
##.~~~~≈~~......
#.............)
########
##.#..........)
####......#
#.............
##...≈≈.≈≈.#
####..........
##....≈#'#≈.#
#..........


You could see a gnoll.

Vanquished Creatures
  Grinder (D:4)
  Duvessa (D:4)
  An orc warrior (D:5)
  A sky beast (D:6)
  2 ogres
  4 centaurs
  A kobold brigand (D:6)
  A phantom (D:5)
  6 bullfrogs
  4 scorpions
  4 necrophages
  Dowan (D:4)
  3 howler monkeys
  3 hounds
  3 jellies
  2 orc priests
  7 iguanas
  5 orc wizards
  10 gnolls
  8 adders
  3 white imps
  3 worms
  6 dart slugs
  23 orcs
  2 bats
  6 endoplasms
  A giant cockroach (D:4)
  10 goblins
  5 hobgoblins
  4 jackals (D:1)
  12 kobolds
  6 quokkas
  7 ball pythons
  6 frilled lizards
  10 rats
172 creatures vanquished.

Vanquished Creatures (others)
  224 foxfires
  3 fungi (D:3)
  4 plants (D:3)
231 creatures vanquished.

Grand Total: 403 creatures vanquished

Notes
Turn   | Place    | Note
-------+----------+-------------------------------------------
     0 | D:1      | raph the Deep Elf Fire Elementalist began the quest for the
                  | Orb.
     0 | D:1      | Reached XP level 1. HP: 10/10 MP: 6/6
   371 | D:1      | Reached XP level 2. HP: 12/15 MP: 5/8
   994 | D:1      | Learned a level 2 spell: Scorch
  1103 | D:1      | Found a faded altar of an unknown god.
  1157 | D:1      | Reached XP level 3. HP: 19/19 MP: 2/9
  1804 | D:2      | Found the +3 greatsling "Punk" {acid, rCorr}
  1873 | D:2      | Reached XP level 4. HP: 15/24 MP: 4/10
  2251 | D:2      | Learned a level 3 spell: Conjure Flame
  2505 | D:3      | Found Iwal's Antique Weapon Boutique.
  2641 | D:3      | Found Qoaguz's Antique Armour Boutique.
  2645 | D:3      | Bought a runed robe for 111 gold pieces
  2685 | D:3      | Found Cinlisid's Antique Armour Shop.
  2770 | D:3      | Reached skill level 5 in Fire Magic
  2857 | D:3      | Found a blossoming altar of Fedhas.
  2916 | D:3      | Reached XP level 5. HP: 28/28 MP: 8/11
  2940 | D:3      | Found Buubiav's Book Boutique.
  3195 | D:3      | Found a bloodstained altar of Trog.
  3551 | D:4      | Found a radiant altar of Vehumet.
  3559 | D:4      | Reached XP level 6. HP: 32/32 MP: 12/12
  3561 | D:4      | Became a worshipper of Vehumet
  3580 | D:4      | Found a hazy altar of Hepliaklqana.
  3615 | D:4      | Noticed Duvessa
  3615 | D:4      | Noticed Dowan
  3623 | D:4      | Killed Duvessa
  3624 | D:4      | Reached skill level 5 in Conjurations
  3624 | D:4      | Killed Dowan
  3700 | D:4      | Noticed Grinder
  3707 | D:4      | Reached XP level 7. HP: 36/36 MP: 7/13
  3714 | D:4      | Killed Grinder
  3874 | D:4      | Learned a level 4 spell: Flame Wave
  3995 | D:4      | Found an opulent altar of Gozag.
  3999 | D:4      | Found an ancient bone altar of Kikubaaqudgha.
  4003 | D:4      | Found a sparkling altar of Nemelex Xobeh.
  4168 | D:5      | Entered Level 5 of the Dungeon
  4243 | D:5      | Reached skill level 1 in Ranged Weapons
  4243 | D:5      | Reached XP level 8. HP: 42/42 MP: 9/15
  4292 | D:5      | Reached * piety under Vehumet
  4292 | D:5      | Offered knowledge of Freeze by Vehumet.
  4294 | D:5      | Found a staircase to the Ecumenical Temple.
  4363 | D:5      | Reached skill level 1 in Fighting
  4475 | D:5      | Found a large runed translucent door.
  4479 | D:5      | Noticed a two-headed ogre
  4576 | D:5      | Found a large runed translucent door.
  4592 | D:5      | You fall into a shaft and drop 2 floors!
  4667 | D:7      | Found an iron altar of Okawaru.
  4727 | D:7      | Found a stormy altar of Qazlal.
  5002 | D:6      | Found a glowing golden altar of the Shining One.
  5206 | D:5      | Learned a level 3 spell: Vampiric Draining
  5232 | D:5      | Found a large runed translucent door.
  5232 | D:5      | Found a large runed translucent door.
  5287 | D:5      | Reached skill level 5 in Spellcasting
  5287 | D:5      | Reached skill level 1 in Necromancy
  5808 | D:5      | Reached XP level 9. HP: 48/48 MP: 13/18
  5812 | D:5      | Learned a level 3 spell: Inner Flame
  5996 | D:6      | Found a shadowy altar of Dithmenos.
  6153 | D:6      | Offered knowledge of Sandblast by Vehumet.
  6214 | D:6      | Reached ** piety under Vehumet
  7013 | D:7      | Reached skill level 5 in Ranged Weapons
  7323 | D:7      | Engulfed by a cloud of flame

Illustrated notes

Levels and vault maps discovered:
D:1:      ncdulo_lavacross, layout_basic, shapermc_ecumenical_altar_notcrosses
D:2:      layout_basic, palyth_stone_intersect
D:3:      layout_basic, lemuel_tele_altar, fedhas_altar_3, serial_shops, shop,
          shop, shop, nicolae_shop_overgrown_old_shop, grunt_decor_junction,
          minmay_misc_feat_columns
D:4:      layout_rooms, kennysheep_little_box, mainiacjoe_overflow_24_doors,
          grunt_temple_overflow_diamond, uniq_duvessa, uniq_grinder
D:5:      layout_rooms, minmay_temple_entry_grid, minmay_hollow_rounded_squares
D:6:      layout_gridville, mainiacjoe_overflow_tiny_flanked,
          mainiacjoe_overflow_brackets
D:7:      layout_cave_pods, kennysheep_mini_moat,
          mainiacjoe_overflow_six_doors_small, enter_bailey_4

Skill      XL: |  1  2  3  4  5  6  7  8  9 |
---------------+----------------------------+-----
Conjurations   | 2 3 4 5 7 8 |  8.2
Fire Magic     | 4 5 6 7 8 |  8.9
Ranged Weapons | 1 3 5 |  5.1
Fighting       | 2 3 |  3.3
Spellcasting   | 5 6 |  6.3
Necromancy     | 1 |  1.7
Dodging        | 3 4 |  4.2
Stealth        | |  2.4

Action                   |  1- 3 |  4- 6 |  7- 9 || total
-------------------------+-------+-------+-------++-------
Melee: Unarmed           |    12 |       |       ||    12
       Dagger            |       |       |     5 ||     5
       Punch             |       |       |     1 ||     1
 Fire: Greatsling        |     2 |    41 |   139 ||   182
 Cast: Foxfire           |    78 |    33 |    24 ||   135
       Scorch            |     7 |    13 |    25 ||    45
       Conjure Flame     |       |     1 |     1 ||     2
       Flame Wave        |       |       |    15 ||    15
       Inner Flame       |       |       |     1 ||     1
  Use: Scroll            |     4 |       |     8 ||    12
Armor: Robe              |     3 |     6 |    16 ||    25
Dodge: Dodged            |    27 |    14 |    47 ||    88
